 Dungeon Crawl Stone Soup version 0.27.0-1-g7a089689b8 (webtiles) character file.

Game seed: 14568962521773297317

44 tilp the Skirmisher (level 3, -2/39 HPs)
             Began as an Ogre Delver on Aug 6, 2021.
             Succumbed to a kobold's poison
             ... on level 2 of the Dungeon.
             The game lasted 00:01:33 (439 turns).

tilp the Skirmisher (Ogre Delver)                    Turns: 439, Time: 00:01:34

Health: -2/39      AC:  3    Str: 23    XL:     3   Next: 60%
Magic:  3/3        EV:  9    Int: 11    God:
Gold:   32         SH:  0    Dex: 10    Spells: 2/2 levels left

rFire    . . .     SeeInvis .   a - +0 mace
rCold    . . .     Faith    .   (no shield)
rNeg     . . .     Spirit   .   b - +0 robe
rPois    .         Reflect  .   (helmet restricted)
rElec    .         Harm     .   (no cloak)
rCorr    .         Rampage  .   (gloves unavailable)
Will     .....                  (boots unavailable)
Stlth    ++........             (no amulet)
HPRegen  0.13/turn              e - +6 ring of strength
MPRegen  0.08/turn              (no ring)

@: brilliant, lethally poisoned (-2 -> -15)
A: large, unfitting armour, tough skin 1
a: no special abilities


You were on level 2 of the Dungeon.
You visited 1 branch of the dungeon, and saw 4 of its levels.

You collected 32 gold pieces.

Inventory:

Hand Weapons
 a - a +0 mace (weapon)
Missiles
 i - 40 stones (quivered)
Armour
 b - a +0 robe (worn)
Jewellery
 e - a +6 ring of strength (left hand)
Wands
 g - a wand of digging (3)
Scrolls
 c - a scroll of fog
 d - a scroll of enchant weapon {unknown}
 f - 2 scrolls of enchant armour {unknown}


   Skills:
 - Level 4.0 Fighting
 + Level 3.5 Maces & Flails
 - Level 1.7 Dodging
 - Level 3.7 Stealth


You had 2 spell levels left.
You didn't know any spells.
Your spell library was empty.

Dungeon Overview and Level Annotations

Branches:
Dungeon (5/15)
 Temple: D:4-7

Altars:


Innate Abilities, Weirdness & Mutations

You are too large for most types of armour.
You have tough skin. (AC +1)


Message History

The kobold is severely wounded.
The kobold barely misses you.
The kobold hits you with a +2 dagger of venom.
You are poisoned.
You closely miss the kobold.
The kobold is severely wounded.
You feel very sick.
The kobold hits you with a +2 dagger of venom.
You are more poisoned.
You closely miss the kobold.
The kobold is severely wounded.
You feel very sick.
The kobold hits you with a +2 dagger of venom.
You are lethally poisoned!
You hit the kobold but do no damage.
The kobold is severely wounded.
You feel extremely sick.
The kobold hits you with a +2 dagger of venom.
* * * LOW HITPOINT WARNING * * *
You are more poisoned.
Unknown command.
You hit the kobold.
You kill the kobold!
* * * LOW HITPOINT WARNING * * *
You feel extremely sick.
Unknown command.
It was a potion of magic.
Magic courses through your body.
* * * LOW HITPOINT WARNING * * *
You feel very sick.
Unknown command.
It was a potion of brilliance.
You feel clever all of a sudden.
* * * LOW HITPOINT WARNING * * *
You feel very sick.
Unknown command.
Unknown command.
You aren't carrying any potions.
Unknown command.
Unknown command.
You die...

................
....#+####............#
.........#............#
#...?<..#......).....#
#.......#............#
##.......#............#
.........#.....####...#
.........#.....# #...#
...[..)@.#.....# #...#
.........#.....####...##
...#....................
. #.###################
#. #.......# #
###.#####.# #.......#.#
#.#.......#
#.#.......#########


There were no monsters in sight!

Vanquished Creatures
  A howler monkey (D:4)
  A goblin (D:2)
  2 ball pythons (D:3)
  A frilled lizard (D:3)
  2 kobolds
7 creatures vanquished.

Notes
Turn   | Place    | Note
-------+----------+-------------------------------------------
     0 | D:5      | tilp the Ogre Delver began the quest for the Orb.
     0 | D:5      | Reached XP level 1. HP: 24/24 MP: 1/1
    31 | D:4      | Noticed a howler monkey
    31 | D:4      | Noticed a scorpion
    43 | D:4      | Killed a howler monkey
    44 | D:4      | Reached XP level 2. HP: 19/32 MP: 2/2
    44 | D:4      | Reached XP level 3. HP: 23/39 MP: 3/3
    62 | D:4      | Noticed a scorpion
   438 | D:2      | HP: 1/39 [poisoned by a kobold]
   439 | D:2      | Succumbed to a kobold's poison

Illustrated notes

Levels and vault maps discovered:
D:2:      layout_basic, kennysheep_generic_room_2
D:3:      layout_basic, fedhas_ov_isle_minmay,
          mainiacjoe_overflow_surrounded_room, serial_shops, shop
D:4:      layout_basic, uniq_duvessa
D:5:      minmay_razor_zed, layout_loops_corners,
          minmay_temple_entry_statues_fountains, minmay_misc_feat_encased,
          kennysheep_decorative_pillar

Skill      XL: |  1 |
---------------+----+-----
Maces & Flails | 3 |  3.5
Fighting       | |  4.0
Dodging        | |  1.7
Stealth        | |  3.7

Action                   || total
-------------------------++-------
Melee: Mace              ||    22
  Use: Potion            ||     3
       Scroll            ||     2
Armor: Robe              ||     6
Dodge: Dodged            ||    11
